 Dungeon Crawl Stone Soup version 0.22-a0-866-geee5034 (webtiles) character file.

2541 poirepourri the Thaumaturge (level 9, 0/49 HPs)
             Began as a Deep Elf Conjurer on July 28, 2018.
             Was a Believer of Vehumet.
             Slain by a hornet (2 damage)
             ... while paralysed by a hornet
             ... on level 8 of the Dungeon.
             The game lasted 00:13:13 (8891 turns).

poirepourri the Thaumaturge (Deep Elf Conjurer)     Turns: 8891, Time: 00:13:14

Health: 0/49       AC:  7    Str:  5    XL:     9   Next: 30%
Magic:  33/37      EV:  2    Int: 26    God:    Vehumet [**....]
Gold:   262        SH:  0    Dex: 15    Spells: 12/34 levels left

rFire    . . .     SeeInvis .   a - +4 short sword (speed)
rCold    . . .     Gourm    .   (no shield)
rNeg     . . .     Faith    .   B - +1 robe {Archmagi}
rPois    .         Spirit   .   (no helmet)
rElec    .         Reflect  .   s - +2 cloak
rCorr    .         Harm     .   (no gloves)
MR       .....                  k - +0 pair of boots (curse)
Stlth    ++........             m - amulet of regeneration
HPRegen  0.56/turn              x - +2 ring of intelligence
MPRegen  0.25/turn              i - ring of magical power

@: paralysed, lethally poisoned (0 -> 0), slowed
A: no striking features
a: Renounce Religion


You were on level 8 of the Dungeon.
You worshipped Vehumet.
Vehumet was pleased with you.
You were hungry.

You visited 2 branches of the dungeon, and saw 9 of its levels.

You collected 350 gold pieces.
You spent 88 gold pieces at shops.

Inventory:

Hand Weapons
 a - a +4 short sword of speed (weapon)
 b - a +0 blowgun
Missiles
 d - 12 tomahawks
 n - 7 poisoned needles
 r - 4 throwing nets
 A - 3 tomahawks of dispersal (quivered)
Armour
 k - a cursed +0 pair of boots (worn)
 s - a +2 cloak (worn)
 B - a +1 robe of the Archmagi (worn)
Jewellery
 c - an uncursed ring of see invisible
 h - an uncursed amulet of guardian spirit
 i - a ring of magical power (right hand)
 m - an amulet of regeneration (around neck)
 p - a cursed amulet of inaccuracy {unknown}
 x - a +2 ring of intelligence (left hand)
Wands
 u - a wand of digging (7)
 z - a wand of random effects (27)
Scrolls
 e - 4 scrolls of teleportation
 t - 3 scrolls of amnesia
 y - 2 scrolls of fear
 D - a scroll of blinking
 E - a scroll of remove curse
Potions
 f - 2 potions of cancellation
 g - 3 potions of curing
 l - 2 potions of might
 o - a potion of magic
 q - a potion of resistance
 v - a potion of lignification
 w - a potion of brilliance {unknown}
 C - a potion of mutation {unknown}
Comestibles
 j - 6 rations


   Skills:
 - Level 2.5 Fighting
 - Level 2.4 Dodging
 - Level 2.4 Stealth
 + Level 13.2 Spellcasting
 - Level 8.1 Conjurations
 - Level 2.4 Hexes


You had 12 spell levels left.
You knew the following spells:

 Your Spells              Type           Power        Failure   Level  Hunger
a - Magic Dart            Conj           ####         1%          1    None
b - Searing Ray           Conj           ######       1%          2    None
c - Dazzling Spray        Conj/Hex       ######       1%          3    None
d - Iskenderun's Mystic   Conj           ######..     1%          4    None
e - Force Lance           Conj/Tloc      ######..     6%          4    None
f - Fulminant Prism       Conj/Hex       ######....   3%          4    None
g - Flame Tongue          Conj/Fire      #####        1%          1    None
h - Confuse               Hex            #####...     3%          3    None

Your spell library contained the following spells:

 Spells                   Type           Power        Failure   Level  Hunger
 Tukima's Dance           Hex            #####...     3%          3    None
 Ensorcelled Hibernation  Hex/Ice        #####.       3%          2    None
 Corona                   Hex            #####..      1%          1    None


Dungeon Overview and Level Annotations

Branches:
Dungeon (8/15)             Temple (1/1) D:4
   Lair: D:8-11

Altars:
Ashenzari
Cheibriados
Dithmenos
Fedhas
Gozag
Hepliaklqana
Kikubaaqudgha
Makhleb
Nemelex Xobeh
Okawaru
Qazlal
Ru
Sif Muna
Trog
Uskayaw
Vehumet
Wu Jian
Xom
Yredelemnul
Zin
The Shining One

Shops:
D:4 [

Annotations:
D:2 Robin


Message History

You are poisoned.
You feel yourself slow down.
The searing ray hits the hornet.
The hornet is moderately wounded.
You feel sick.
The hornet stings you but does no damage.
The hornet stings you!
You feel as though you will be slow longer.
The searing ray hits the hornet.
The hornet is heavily wounded.
You are feeling hungry.
You feel sick. The hornet stings you.
You feel as though you will be slow longer.
The hornet stings you but does no damage.
The searing ray hits the hornet.
The hornet is almost dead.
You finish channeling your searing ray.
You feel sick. The hornet stings you!
* * * LOW HITPOINT WARNING * * *
You suddenly lose the ability to move!
The hornet stings you.
You die...

#...# . ####
...# ##.#
#.# #.#
############
#.#
#........@.#
#.#
#.########y#
#.# #.# .#
#.# #.# .#
#.#####.# ..
#.......# ##
#########


You could see a hornet.

Vanquished Creatures
  A spriggan (D:7)
  A sky beast (D:8)
  An ice beast (D:7)
  An orc warrior (D:7)
  2 phantoms
  3 ogres
  3 bullfrogs (D:7)
  A scorpion (D:4)
  A howler monkey (D:5)
  3 crimson imps
  A centaur zombie (D:7)
  A bullfrog zombie (D:6)
  Crazy Yiuf (D:2)
  3 hounds
  4 orc priests
  14 orc wizards
  Jessica (D:2)
  3 iguanas
  4 worker ants
  A hound skeleton (D:7)
  A howler monkey zombie (D:6)
  A worker ant zombie (D:7)
  7 adders
  15 gnolls
  5 shadow imps
  An ooze (D:3)
  An adder zombie (D:7)
  2 adder skeletons
  4 worms
  4 dart slugs
  2 leopard geckos
  19 orcs
  7 bats
  3 giant cockroaches
  11 goblins
  8 hobgoblins
  11 jackals
  7 kobolds
  A quokka (D:8)
  A ball python (D:6)
  3 frilled lizards
  A leopard gecko skeleton (D:4)
  10 rats
175 creatures vanquished.

Vanquished Creatures (others)
  4 fulminant prisms (D:7)
  6 fungi (D:8)
  3 plants (D:8)
13 creatures vanquished.

Grand Total: 188 creatures vanquished

Notes
Turn   | Place    | Note
-------+----------+-------------------------------------------
     0 | D:1      | poirepourri the Deep Elf Conjurer began the quest for the Orb.
     0 | D:1      | Reached XP level 1. HP: 10/10 MP: 6/6
   236 | D:1      | Reached skill level 4 in Spellcasting
   236 | D:1      | Reached XP level 2. HP: 15/15 MP: 6/9
   260 | D:1      | Learned a level 2 spell: Searing Ray
   566 | D:1      | Reached XP level 3. HP: 19/19 MP: 8/11
   574 | D:1      | Reached skill level 5 in Spellcasting
  1145 | D:2      | Found a sparkling altar of Nemelex Xobeh.
  1610 | D:2      | Found a glowing golden altar of the Shining One.
  1754 | D:2      | Noticed Jessica
  1758 | D:2      | Killed Jessica
  1758 | D:2      | Reached skill level 6 in Spellcasting
  1758 | D:2      | Reached XP level 4. HP: 24/24 MP: 8/14
  1760 | D:2      | Noticed Robin
  2120 | D:2      | Found a burning altar of Makhleb.
  2261 | D:2      | Found a runed door.
  2383 | D:2      | Found a basalt altar of Yredelemnul.
  2390 | D:2      | Learned a level 3 spell: Dazzling Spray
  2395 | D:2      | Learned a level 4 spell: Iskenderun's Mystic Blast
  2400 | D:2      | Learned a level 4 spell: Force Lance
  2400 | D:2      | Found a bloodstained altar of Trog.
  2755 | D:2      | Noticed Crazy Yiuf
  2761 | D:2      | Killed Crazy Yiuf
  2761 | D:2      | Reached skill level 7 in Spellcasting
  2761 | D:2      | Reached XP level 5. HP: 16/28 MP: 2/16
  3395 | D:3      | Found an ornate altar of the Wu Jian Council.
  3567 | D:3      | Found a snail-covered altar of Cheibriados.
  3631 | D:3      | Found a stormy altar of Qazlal.
  3713 | D:4      | Noticed an ogre
  3767 | D:4      | Reached skill level 8 in Spellcasting
  3839 | D:4      | Noticed a phantom
  3857 | D:4      | Reached XP level 6. HP: 27/32 MP: 4/19
  3861 | D:4      | Reached skill level 5 in Conjurations
  4303 | D:4      | Reached XP level 7. HP: 36/36 MP: 16/20
  4674 | D:4      | Learned a level 4 spell: Fulminant Prism
  4868 | D:4      | Found Ugoematig's Antique Armour Shoppe.
  4880 | D:4      | Bought a glowing robe for 88 gold pieces
  5150 | D:4      | Found a staircase to the Ecumenical Temple.
  5380 | Temple   | Entered the Ecumenical Temple
  5431 | Temple   | Became a worshipper of Vehumet
  5477 | D:5      | Entered Level 5 of the Dungeon
  5559 | D:5      | Found an ancient bone altar of Kikubaaqudgha.
  5567 | D:5      | Reached skill level 1 in Hexes
  5793 | D:5      | Found a sacrificial altar of Ru.
  6080 | D:6      | Reached skill level 1 in Fighting
  6105 | D:6      | Found a burning altar of Makhleb.
  6107 | D:6      | Noticed a cacodemon
  6267 | D:6      | Reached XP level 8. HP: 45/45 MP: 22/22
  6564 | D:6      | Reached skill level 9 in Spellcasting
  6853 | D:7      | Reached * piety under Vehumet
  6853 | D:7      | Offered knowledge of Flame Tongue by Vehumet.
  6866 | D:7      | Reached skill level 10 in Spellcasting
  7085 | D:7      | Reached skill level 11 in Spellcasting
  7343 | D:7      | Learned a level 1 spell: Flame Tongue
  7347 | D:7      | Learned a level 3 spell: Confuse
  7523 | D:7      | Reached skill level 12 in Spellcasting
  7523 | D:7      | Reached XP level 9. HP: 49/49 MP: 18/27
  7820 | D:7      | Reached ** piety under Vehumet
  7820 | D:7      | Offered knowledge of Shock by Vehumet.
  8149 | D:7      | Found a shadowy altar of Dithmenos.
  8541 | D:8      | Reached skill level 13 in Spellcasting
  8891 | D:8      | HP: 2/49 [hornet (17)]
  8891 | D:8      | Paralysed by a hornet for 2 turns
  8891 | D:8      | Slain by a hornet

Vault maps used:
D:1:      elethiomel_arrival_infinity_welcomes_careful_drivers,
          serial_bayou_ford_a
D:2:      nemelex_xobeh_ov_fountains_minmay, lemuel_crystal_altar,
          marbit_many_paths, gammafunk_temple_overflow_pools,
          uniq_crazy_yiuf_cottage, uniq_jessica, uniq_robin
D:3:      lemuel_doored_altar, kennysheep_slug_shrine,
          lemuel_coloured_pillars_altar
D:4:      minmay_temple_entry_enclosed_plants, serial_shops,
          nicolae_shop_statue_plus, hangedman_decor_lopped
D:5:      old_standard_altar, basic_altar, first_ration, serial_glass,
          glass_columns_b, glass_columns_c
D:6:      nicolae_overflow_hidden_temple, hex_large, makhleb_altar_promises_db
D:7:      minmay_flawed_box, grunt_dithmenos_smoke_and_mirrors, the_bakery
D:8:      lemuel_round_altar, grunt_lair_entry_orc_guard_hut
Temple:   eino_wide_crystal_templ

Skill      XL: |  1  2  3  4  5  6  7  8  9 |
---------------+----------------------------+-----
Spellcasting   | 4 6 7 8 12 13 | 13.2
Conjurations   | 6 8 |  8.1
Hexes          | 2 |  2.4
Fighting       | 2 |  2.5
Dodging        | |  2.4
Stealth        | |  2.4

Action                   |  1- 3 |  4- 6 |  7- 9 || total
-------------------------+-------+-------+-------++-------
Melee: Short sword       |       |       |     5 ||     5
 Cast: Magic Dart        |    68 |    66 |   121 ||   255
       Searing Ray       |     7 |    14 |    28 ||    49
       Dazzling Spray    |       |     7 |     3 ||    10
       Iskenderun's Myst |       |     6 |    42 ||    48
       Flame Tongue      |       |       |    14 ||    14
       Fulminant Prism   |       |       |     4 ||     4
  Use: Scroll            |     2 |     8 |    11 ||    21
       Potion            |       |       |     1 ||     1
 Stab: Invisible         |       |       |     1 ||     1
       Sleeping          |       |       |     1 ||     1
  Eat: Ration            |     1 |     2 |     3 ||     6
       Chunk             |       |     1 |     3 ||     4
Armor: Robe              |       |     5 |    14 ||    19
Dodge: Dodged            |     5 |    15 |    21 ||    41

Table legend:
 A = Spawn XP
 B = Non-spawn XP
 C = Spawn XP percentage of total XP
 D = Spawn monster count
 E = Non-spawn monster count
 F = Spawn count percentage of total count
 G = Total turns spent on level
                    A         B        C        D         E        F      G
               +---------+---------+-------+---------+---------+-------+---------
         Total |       0 |    3630 |   0.0 |       0 |     175 |   0.0 |  8891
               +---------+---------+-------+---------+---------+-------+---------
           D:1 |       0 |      50 |   0.0 |       0 |      26 |   0.0 |   955
           D:2 |       0 |     159 |   0.0 |       0 |      27 |   0.0 |  1866
           D:3 |       0 |      91 |   0.0 |       0 |      21 |   0.0 |   890
           D:4 |       0 |     680 |   0.0 |       0 |      25 |   0.0 |  1699
           D:5 |       0 |     297 |   0.0 |       0 |       7 |   0.0 |   600
           D:6 |       0 |     534 |   0.0 |       0 |      18 |   0.0 |   668
           D:7 |       0 |    1587 |   0.0 |       0 |      41 |   0.0 |  1777
           D:8 |       0 |     232 |   0.0 |       0 |      10 |   0.0 |   369
               +---------+---------+-------+---------+---------+-------+---------
